 Seeded DCSS version 0.30.1-4-g462c640d31 (webtiles) character file.

Game seed: 6351066067085065685 (custom seed)

268 Esekla the Grave Robber (level 6, -4/32 HPs)
             Began as a Deep Elf Necromancer on Aug 21, 2023.
             Was a Follower of Vehumet.
             Slain by a gnoll bouda
             ... wielding a +0 club
              (6 damage)
             ... on level 4 of the Dungeon.
             The game lasted 00:20:27 (2955 turns).

Esekla the Grave Robber (Deep Elf Necromancer)      Turns: 2955, Time: 00:20:27

Health: -4/32      AC:  4    Str:  5    XL:     6   Next: 0%
Magic:  2/14       EV: 13    Int: 22    God:    Vehumet [*.....]
Gold:   182        SH:  0    Dex: 15    Spells: 5/13 levels left

rFire   . . .        a - +3 dagger (speed)
rCold   . . .        (no shield)
rNeg    . . .        p - +0 robe
rPois   .            i - +0 helmet
rElec   .            (no cloak)
rCorr   .            l - +0 pair of gloves
SInv    .            (no boots)
Will    .....        (no amulet)
Stlth   ++           (no ring)
HPRegen 0.25/turn    (no ring)
MPRegen 0.14/turn

%: no passive effects
@: weakened, attractive
A: no striking features
a: Renounce Religion


You were on level 4 of the Dungeon.
You worshipped Vehumet.
Vehumet was aware of your devotion.
You visited 1 branch of the dungeon, and saw 4 of its levels.

You collected 182 gold pieces.

Inventory:

Hand Weapons
 a - a +3 dagger of speed (weapon)
 r - a +0 trident
 s - the +5 rapier of the Hero {heavy, rN+ Dex+3}
   (You found it on level 3 of the Dungeon)

   Dex:       It affects your dexterity (+3).
   rN:        It protects you from negative energy.
Missiles
 c - 6 poisoned darts (quivered)
Armour
 i - a +0 helmet (worn)
 l - a +0 pair of gloves (worn)
 p - a +0 robe (worn)
Wands
 h - a wand of roots (9)
Scrolls
 g - 3 scrolls of identify {unknown}
 m - a scroll of enchant armour {unknown}
 n - a scroll of amnesia {unknown}
 o - a scroll of immolation {unknown}
 q - a scroll of blinking {unknown}
 v - a scroll of fog {unknown}
 w - 2 scrolls of enchant weapon {unknown}
Potions
 b - a potion of magic
 d - a potion of ambrosia {unknown}
 e - a potion of attraction
 f - a potion of haste {unknown}
 j - a potion of mutation {unknown}
 k - 2 potions of curing {unknown}
 t - 2 potions of brilliance {unknown}
 u - a potion of heal wounds {unknown}


   Skills:
 + Level 2.1 Short Blades
 * Level 4.3 Dodging
 + Level 3.6 Stealth
 * Level 4.3 Spellcasting
 * Level 6.1 Necromancy
 * Level 0.9 Translocations


You had 5 spell levels left.
You knew the following spells:

 Your Spells              Type           Power      Damage    Failure   Level
a - Necrotise             Necr           100%       1d9       1%          1
b - Kiss of Death         Conj/Necr      72%        2d10      3%          1
d - Vampiric Draining     Necr           31%        2d8       2%          3
t - Teleport Other        Tloc           9%         N/A       22%         3

Your spell library contained the following spells:

 Spells                   Type           Power      Damage    Failure   Level
 Animate Dead             Necr           31%        N/A       9%          4
 Lesser Beckoning         Tloc           18%        N/A       11%         2
 Gell's Gravitas          Tloc           9%         N/A       22%         3
 Agony                    Necr           31%        N/A       24%         5


Dungeon Overview and Level Annotations

Branches:
Dungeon (4/15)
 Temple: D:4-7

Altars:
Hepliaklqana
Okawaru
Qazlal
Trog
Vehumet
Zin
The Shining One

Shops:
D:2 =   D:4 (


Message History

Casting: Vampiric Draining (dangerous; 2% risk of failure)
Confirm with . or Enter, or press ? or * to list all spells.
Aiming: Vampiric Draining (dangerous; 2% risk of failure)
Press: ? - help, Shift-Dir - straight line, f - gnoll bouda
Aim: a gnoll bouda, wielding a +0 club and wearing a +0 leather armour You draw life force from the gnoll bouda!
You feel life coursing into your body.
The gnoll bouda hits you but does no damage.
Casting: Vampiric Draining (dangerous; 2% risk of failure)
Confirm with . or Enter, or press ? or * to list all spells.
Aiming: Vampiric Draining (dangerous; 2% risk of failure)
Press: ? - help, Shift-Dir - straight line, f/p - gnoll bouda
Aim: a gnoll bouda, wielding a +0 club and wearing a +0 leather armour (moderately wounded)
You draw life force from the gnoll bouda!
You feel life coursing into your body.
The gnoll bouda hits you with a +0 club!
You hit the gnoll bouda.
The gnoll bouda is severely wounded.
The gnoll bouda hits you with a +0 club!
You hit the gnoll bouda but do no damage.
The gnoll bouda is severely wounded.
You hit the gnoll bouda.
The gnoll bouda is almost dead.
The gnoll bouda gazes fiercely through you!
You feel your attacks grow feeble.
The gnoll bouda hits you with a +0 club.
* * * LOW HITPOINT WARNING * * *
You hit the gnoll bouda but do no damage.
The gnoll bouda is almost dead.
You closely miss the gnoll bouda.
The gnoll bouda is almost dead.
The gnoll bouda hits you with a +0 club.
* * * LOW HITPOINT WARNING * * *
You hit the gnoll bouda but do no damage.
The gnoll bouda is almost dead.
The gnoll bouda barely misses you.
It was a potion of attraction.
You feel attractive to monsters.
The gnoll bouda hits you with a +0 club.
You die...

........................>.
#g..............######...
.##(..............### #...
g..(................####...
...(......##...............
.....g..................#+#
.....g.....................
...o....g#####.............
......#.'#@#.#'....##...... .....
###g)#..##...##...... . .o..
#.._#_..#....#...... .. ...
#########....+...... ... ..
#.._#_..#....#......
....####+#####..#..##...........
...........'.'#.#.#'..#......#..
..........###..#####...#.........
..........###..........#.........


You could see a gnoll bouda.

Vanquished Creatures
  A black bear (D:2)
  A hound (D:3)
  An iguana (D:2)
  4 gnolls (D:4)
  3 adders
  2 dart slugs
  5 orcs
  4 endoplasms
  7 goblins
  4 hobgoblins
  A quokka (D:1)
  6 ball pythons
  4 bats
  4 frilled lizards
  5 kobolds
  A rat (D:2)
53 creatures vanquished.

Notes
Turn   | Place    | Note
-------+----------+-------------------------------------------
     0 | D:1      | Esekla the Deep Elf Necromancer began the quest for the
                  | Orb.
     0 | D:1      | Reached XP level 1. HP: 10/10 MP: 6/6
   378 | D:2      | Found Renulab's Jewellery Shop.
   506 | D:4      | Found an iron altar of Okawaru.
   517 | D:4      | Found a glowing silver altar of Zin.
   587 | D:4      | Found a radiant altar of Vehumet.
   591 | D:4      | Became a worshipper of Vehumet
   838 | D:3      | Reached skill level 5 in Necromancy
   838 | D:3      | Reached XP level 2. HP: 12/15 MP: 8/8
  1196 | D:3      | Identified the +5 rapier of the Hero {heavy, rN+ Dex+3}
  1424 | D:2      | Reached XP level 3. HP: 13/19 MP: 9/9
  1428 | D:2      | Learned a level 3 spell: Vampiric Draining
  1528 | D:2      | Noticed a black bear
  1534 | D:2      | Killed a black bear
  1535 | D:2      | Reached skill level 1 in Short Blades
  1535 | D:2      | Reached XP level 4. HP: 24/24 MP: 6/11
  1559 | D:2      | Reached XP level 5. HP: 25/28 MP: 3/12
  1578 | D:2      | Found a faded altar of an unknown god.
  1803 | D:2      | Reached * piety under Vehumet
  1803 | D:2      | Offered knowledge of Kiss of Death by Vehumet.
  1809 | D:2      | Learned a level 1 spell: Kiss of Death
  1917 | D:1      | Learned a level 3 spell: Teleport Other
  2432 | D:3      | Found a stormy altar of Qazlal.
  2556 | D:3      | Found a hazy altar of Hepliaklqana.
  2558 | D:3      | Found a bloodstained altar of Trog.
  2669 | D:4      | Found Ponaysk's Antique Weapon Boutique.
  2822 | D:4      | Found a glowing golden altar of the Shining One.
  2836 | D:4      | Reached skill level 6 in Necromancy
  2945 | D:4      | Reached XP level 6. HP: 32/32 MP: 7/14
  2953 | D:4      | HP: 1/32 [gnoll bouda/+0 club (4)]
  2955 | D:4      | Slain by a gnoll bouda

Illustrated notes

Levels and vault maps discovered:
D:1:      sevenhm_arrival_forest_fort_small_3, layout_rooms,
          chequers_serial_rivers_room_b, minmay_misc_feat_five
D:2:      layout_loops_ring, dreamdust_ecumenical_altar_angels_and_demons,
          serial_shops, shop
D:3:      layout_basic, grunt_temple_overflow_open, minmay_misc_feat_iff
D:4:      layout_basic, nicolae_overflow_quartered_altars, serial_shops,
          nicolae_diamond_shop

Skill      XL: |  1  2  3  4  5 |
---------------+----------------+-----
Necromancy     | 5 6 |  6.1
Dodging        | 3 4 |  4.3
Short Blades   | 1 2 |  2.1
Stealth        | 3 |  3.6
Spellcasting   | 4 |  4.3
Translocations | |  0.9

Action                     |  1- 3 |  4- 6 || total
---------------------------+-------+-------++-------
  Melee: Short sword       |    79 |       ||    79
         Unarmed           |     9 |       ||     9
         Rapier            |    10 |    24 ||    34
         Punch             |     1 |       ||     1
         Dagger            |       |    41 ||    41
  Throw: Dart              |       |     3 ||     3
   Cast: Vampiric Draining |     1 |    14 ||    15
    Use: Scroll            |     1 |       ||     1
         Potion            |       |     1 ||     1
   Stab: Sleeping          |     3 |     5 ||     8
 Armour: Robe              |    34 |     9 ||    43
  Dodge: Dodged            |    74 |    30 ||   104
